Cogmind - Beta 14 @@@ ROGUE MODE // 2024.09.15 @ 23:29:50 Player: Mclir Result: Destroyed by Autobeam Turret with Autobeam Performance ------------- Evolutions (0) 0 Regions Visited (2) 400 Robots Destroyed (31) 155 Value Destroyed (866) 866 Prototype IDs (13) 260 Alien Tech Used (0) 0 Bonus (0) 0 TOTAL SCORE: 1681 Bonus ------- None Cogmind --------- Core Integrity 0/250 Matter 136/300 Energy 249/250 System Corruption 0% Temperature Cool (6) Movement Walking (140) Location -10/Subcaves Parts ------- > --- POWER (1) -------- Ion Engine > --- PROPULSION (2) --- Makeshift Leg Makeshift Leg > --- UTILITY (2) ------ Small Storage Unit Makeshift Light Armor Plating > --- WEAPON (2) ------- Barrage Gun Subdweller Shrapnel Launcher > --- INVENTORY (8) ---- Makeshift Power Source Spiked Treads Aluminum Leg Sensor Array Signal Interpreter Seismic Detector Peak State ------------ > --- POWER ------------ Ion Engine > --- PROPULSION ------- Makeshift Leg Makeshift Leg > --- UTILITY ---------- Small Storage Unit Makeshift Light Armor Plating > --- WEAPON ----------- Barrage Gun Subdweller Shrapnel Launcher > --- INVENTORY -------- Makeshift Power Source Spiked Treads Aluminum Leg Sensor Array Signal Interpreter Seismic Detector [Rating: 20] Favorites ----------- Power Ion Engine Engine Ion Engine Propulsion Light Treads Treads Light Treads Leg Aluminum Leg Wheel Subdweller Monowheel Utility Small Storage Unit Device Seismic Detector Storage Small Storage Unit Protection Core Shielding Weapon Subdweller Shrapnel Launcher Ballistic Gun Assault Rifle Ballistic Cannon Battle Cannon Launcher Subdweller Shrapnel Launcher Build | -11 -10 -10 ------- Run | Yrd Mat Sub Slots Evolved . | . . . Power . | . . . Propulsion . | . . . Utility . | . . . Weapon . | . . . Parts Attached 37 | 7 8 22 Power 3 | 1 1 1 Engine 3 | 1 1 1 Core . | . . . Reactor . | . . . Propulsion 9 | 2 2 5 Treads 4 | 2 2 . Leg 4 | . . 4 Wheel 1 | . . 1 Hover . | . . . Flight . | . . . Utility 11 | 2 3 6 Device 5 | 1 1 3 Storage 1 | 1 . . Processor . | . . . Hackware . | . . . Protection 5 | . 2 3 Artifact . | . . . Weapon 14 | 2 2 10 Energy Gun . | . . . Energy Cannon . | . . . Ballistic Gun 8 | 2 2 4 Ballistic Cannon 2 | . . 2 Launcher 4 | . . 4 Special Weapon . | . . . Impact Weapon . | . . . Slashing Weapon . | . . . Piercing Weapon . | . . . Special Melee Weapon . | . . . Unidentified Prototypes . | . . . Parts Lost 9 | . . 9 Power 1 | . . 1 Propulsion 3 | . . 3 Utility . | . . . Weapon 5 | . . 5 Highest Loss Streak 5 | . . 5 To Critical Strikes . | . . . Average Slot Usage (%) 97 | . 99 96 Engine 13 | . 14 13 Treads 11 | . 27 4 Leg 15 | . . 22 Device 4 | . 3 5 Storage 14 | . 14 14 Protection 7 | . 10 6 Ballistic Gun 16 | . 27 11 Ballistic Cannon 2 | . . 3 Launcher 8 | . . 13 Peak Build Rating 20 | 7 7 20 Average Rating 11 | 5 6 13 On Entrance 4 | . 7 7 Naked Turns . | . . . Heaviest Build 26 | 14 14 26 Greatest Support 40 | 40 40 40 Greatest Overweight (x) 4 | . . 4 Average Overweight (x) . | . . . Largest Inventory Capacity 8 | 8 8 8 Average Capacity 7 | 7 8 8 Most Carried 8 | 5 8 8 Average Carried 7 | 3 7 6 Final Capacity 8 | 8 8 8 Final Carried 8 | 4 8 6 Class Distribution -------------------- 77% | Mutant 22% | Derelict-Mutant Dominant Class ---------------- Mutant | -10/Materials Mutant | -10/Subcaves Resources | -11 -10 -10 ----------- Run | Yrd Mat Sub Matter Collected 1368 | 272 382 714 Remotely . | . . . Salvage Created 784 | 102 396 286 Parts 46 | 5 23 18 Haulers Intercepted 1 | . 1 . Recyclers Shooed 2 | 2 . . Parts Field Recycled . | . . . Retrieved Matter . | . . . Parts Self-Destructed 11 | . . 11 Prevented . | . . . Kills | -11 -10 -10 ------- Run | Yrd Mat Sub Combat Hostiles Destroyed 25 | . 11 14 Guns 13 | . 11 2 Cannons 2 | . . 2 AOE 10 | . . 10 Classes Destroyed 8 | 2 5 1 Tunneler 1 | 1 . . Hauler 1 | . 1 . Recycler 1 | 1 . . Operator 1 | . 1 . Watcher 2 | . 2 . Swarmer 6 | . 6 . Grunt 5 | . 5 . Subdweller 14 | . . 14 Best Kill Streak 3 | 1 3 3 Combat Bots Only 3 | . 3 3 Max Kills in Single Turn 1 | 1 1 1 Gunslinging . | . . . Exploded 1 | . . 1 Melee . | . . . Uniques/NPCs Destroyed . | . . . Combat | -11 -10 -10 -------- Run | Yrd Mat Sub Hostile Shots Fired 131 | . 51 80 Missed 34 | . 11 23 Damage Taken 1929 | . 414 1515 Core 255 | . 22 233 Absorbed by Shields . | . . . Redirected to Shielding 17 | . . 17 Regen/Repaired (Parts) 282 | . 282 . Core Remaining (%) 100 | 100 . . Volleys Fired 129 | 8 66 55 Largest 2 | 2 2 2 Hottest 79 | 40 40 79 Shots Fired 234 | 16 132 86 Gun 188 | 16 132 40 Cannon 14 | . . 14 Launcher 32 | . . 32 Special . | . . . Kinetic 220 | 16 132 72 Thermal . | . . . Explosive 14 | . . 14 Electromagnetic . | . . . Robot Hit Streak 14 | 7 8 14 Robot Miss Streak 7 | 2 7 2 Penetration Max . | . . . Secondary Targets 1 | . 1 . Max Gunslinging Chain 1 | . 1 . Shots Hit Robots 134 | 10 78 46 Core Hits 57 | 3 27 27 Critical Kills . | . . . Critical Parts Destroyed . | . . . Critical Strikes 2 | . . 2 Destroy 1 | . . 1 Blast 1 | . . 1 Melee Attacks . | . . . Impact . | . . . Slashing . | . . . Piercing . | . . . Sneak Attacks . | . . . Combat Hostiles . | . . . Follow-up Attacks . | . . . Damage Inflicted 3034 | 107 866 2061 Guns 1197 | 107 845 245 Cannons 153 | . . 153 Explosions 1663 | . . 1663 Melee . | . . . Ramming 21 | . 21 . Kinetic 2615 | 107 845 1663 Thermal . | . . . Explosive 398 | . . 398 Electromagnetic . | . . . Impact . | . . . Slashing . | . . . Piercing . | . . . Highest Corruption 1 | . 1 1 Average Corruption 1 | . 1 1 Corruption Purged 1 | . . 1 Corruption Blocked . | . . . Effects 37 | . 18 19 Message Errors 10 | . 3 7 Matter Fused 11 | . 8 3 Heat Flow Errors 3 | . 1 2 Energy Discharges 5 | . 3 2 Parts Rejected 1 | . . 1 Data Loss (minor) 4 | . 2 2 Alerts 3 | . 1 2 Overload Shots . | . . . Overflow Damage . | . . . Projectiles . | . . . Explosions . | . . . Melee . | . . . Knockbacks 4 | . . 4 Impact . | . . . Kinetic 4 | . . 4 Secondary . | . . . Self-Inflicted Damage 203 | . . 203 Shots 10 | . . 10 Rammed 6 | . 6 . Targets Rammed 6 | . 6 . Kicked . | . . . Crushed . | . . . Highest Temperature 245 | . 96 245 Average Temperature 61 | . 16 120 Received Heat Transfer 724 | . 135 589 Effects 2 | . . 2 Interference 2 | . . 2 Siege Activations . | . . . Robots Corrupted . | . . . Combat Hostiles . | . . . Parts Fried . | . . . Impact Corruptions . | . . . Robots Melted . | . . . Combat Hostiles . | . . . Parts Melted . | . . . Heat Transferred . | . . . Parts Sabotaged . | . . . Parts Stolen . | . . . Parts Stripped . | . . . Power Chain Reactions . | . . . Alert | -11 -10 -10 ------- Run | Yrd Mat Sub Peak Influence 173 | 10 173 . Initial 6 | . 6 . Average 27 | 3 29 . Maximum Alert Level . | . . . Low Security (%) 100 | 100 100 . Level 1 . | . . . Level 2 . | . . . Level 3 . | . . . Level 4 . | . . . Level 5 . | . . . High Security . | . . . Max Security . | . . . Squads Dispatched 3 | . 3 . Investigation . | . . . Extermination . | . . . Reinforcement 3 | . 3 . Assault . | . . . Garrison . | . . . Intercept . | . . . Searches Triggered . | . . . Construction Impeded . | . . . Haulers Reinforced . | . . . Active Scanning Responses . | . . . Cargo Convoy Interrupts . | . . . Stealth | -11 -10 -10 --------- Run | Yrd Mat Sub Distress Signals 2 | . 2 . Communications Jammed . | . . . Distress Signals . | . . . Times Spotted 38 | . 21 17 Peak Tracking Total 3 | . 3 3 Tactical Retreats 1 | . 1 . Traps | -11 -10 -10 ------- Run | Yrd Mat Sub Traps Triggered 2 | . 1 1 Indirectly . | . . . Trap Hack Attempts . | . . . Triggered . | . . . Disarmed . | . . . Reprogrammed . | . . . Reused . | . . . Traps Extracted . | . . . Installed . | . . . Triggered . | . . . Machines | -11 -10 -10 ---------- Run | Yrd Mat Sub Machines Disabled 3 | . . 3 Max in Single Turn 3 | . . 3 Machines Repaired . | . . . Machines Dismantled . | . . . Machines Sabotaged . | . . . Overloaded Fab Kills . | . . . Hacking | -11 -10 -10 --------- Run | Yrd Mat Sub Machines Accessed 6 | . 5 1 Terminals 4 | . 4 . Fabricators . | . . . Repair Stations 1 | . 1 . Recycling Units . | . . . Scanalyzers . | . . . Garrison Access . | . . . Total Hacks 23 | . 14 9 Successful 20 | . 11 9 Failed 3 | . 3 . Catastrophic 1 | . 1 . Database Lockouts . | . . . Manual 7 | . 7 . Terminals 8 | . 8 . Fabricators . | . . . Repair Stations 6 | . 6 . Recycling Units . | . . . Scanalyzers . | . . . Garrison Access . | . . . Terminal Hacks 14 | . 5 9 Record 8 | . . 8 Robot Analysis 3 | . 3 . Prototype ID Bank 1 | . 1 . Emergency Access Points 1 | . 1 . Derelict Proto ID Bank 1 | . . 1 Fabricator Hacks . | . . . Repair Station Hacks 6 | . 6 . Scan Component 3 | . 3 . Repair 3 | . 3 . Recycling Unit Hacks . | . . . Scanalyzer . | . . . Garrison Access Hacks . | . . . Unauthorized Hacks . | . . . Terminals . | . . . Fabricators . | . . . Repair Stations . | . . . Recycling Units . | . . . Scanalyzers . | . . . Garrison Access . | . . . Data Cores Recovered . | . . . Used . | . . . Hacking Detections 5 | . 5 . Full Trace Events 1 | . 1 . Feedback Events . | . . . Feedback Blocked . | . . . Robot Schematics Acquired . | . . . Robots Built . | . . . Authchips . | . . . Time . | . . . Total Robot Build Rating . | . . . Part Schematics Acquired . | . . . Parts Built . | . . . Authchips . | . . . Time . | . . . Total Part Build Rating . | . . . Parts Repaired 3 | . 3 . Time 78 | . 78 . Parts Recycled . | . . . Recycled Matter . | . . . Retrieved Matter . | . . . Retrieved Components . | . . . Parts Scanalyzed . | . . . Part Schematics Acquired . | . . . Parts Damaged . | . . . Bothacking | -11 -10 -10 ------------ Run | Yrd Mat Sub Used RIF Installer . | . . . Robots Hacked . | . . . Non-combat . | . . . Combat . | . . . Robot Hacks Applied . | . . . Relay Couplers Released . | . . . Fabnet Peak Effective % . | . . . Robots Rewired . | . . . Allies Hacked . | . . . Hacks Repelled . | . . . Allies | -11 -10 -10 -------- Run | Yrd Mat Sub Total Allies . | . . . Largest Group . | . . . Highest-Rated Group . | . . . Highest-Rated Ally . | . . . Total Orders . | . . . Ally Attacks . | . . . Total Damage . | . . . Kills . | . . . Allies Corrupted . | . . . Allies Melted . | . . . Intel | -11 -10 -10 ------- Run | Yrd Mat Sub Robot Analysis Total 3 | . 3 . Derelict Logs Recovered 2 | . . 2 Drone Launches . | . . . Drone Recoveries . | . . . Exploration | -11 -10 -10 ------------- Run | Yrd Mat Sub Turns Passed 5570 | 158 1781 3631 Spaces Moved 3359 | 79 812 2468 Core 15 | 7 . 8 Treads 1170 | 72 812 286 Legs 1938 | . . 1938 Wheels 236 | . . 236 Hover . | . . . Flight . | . . . Fastest Speed 50 | 50 160 110 Average Speed 139 | 150 160 132 Slowest Speed 250 | 160 160 250 Overloaded Moves . | . . . Propulsion Burnouts . | . . . Robots Hopped . | . . . Cave-ins Triggered . | . . . Exploration Rate (%) 64 | 5 97 92 Regions Visited 2 Branch Regions 1 Pre-discovered Areas 1 | . . 1 Known Exits Taken . | . . . Unknown Exits Taken 2 | 1 1 . Scrap Searched 4 | . . 4 Spaces Dug 7 | . . 7 Terrain Destroyed 282 | . . 282 Melee . | . . . Projectile 2 | . . 2 AOE 280 | . . 280 Terrain Rammed . | . . . Walls Destroyed . | . . . Machines Disabled . | . . . Actions | -11 -10 -10 --------- Run | Yrd Mat Sub Total 4025 | 104 1170 2751 Wait 446 | . 270 176 Move 3357 | 78 811 2468 Hop . | . . . Pick Up 34 | 11 6 17 Fast Attach 4 | . 3 1 Attach 17 | 7 . 10 Detach 1 | . . 1 Swap 16 | . 5 11 Drop 14 | . 3 11 Fire 129 | 8 66 55 Melee . | . . . Ram . | . . . Kick . | . . . Crush 6 | . 6 . Escape Stasis . | . . . Rewire 1 | . . 1 Trap . | . . . Miscellaneous . | . . . Route ------- -11/Scrapyard -10/Materials (discovered 6 exits: [*Mat x3] / [*Min x2] / *Sub) -10/Subcaves (discovered 3 exits: *Mat x2 / [*Rec]) History --------- Turn | Location | Event 18 | -11/Scrapyard | Discovered new exit (range 15) 159 | -11/Scrapyard | Entered Materials 312 | -10/Materials | Build established: Mutant 380 | -10/Materials | Discovered new exit (range 7) 637 | -10/Materials | Discovered new exit (range 16) 659 | -10/Materials | Derelicts attacked the area 1007 | -10/Materials | Discovered new exit (range 8) 1220 | -10/Materials | Discovered new exit (range 4) 1541 | -10/Materials | Discovered new exit (range 11) 1604 | -10/Materials | Repaired Assault Rifle 1641 | -10/Materials | Repaired Lgt. Treads 1668 | -10/Materials | Repaired Lgt. Treads 1764 | -10/Materials | Discovered new exit (range 16) 1940 | -10/Materials | Entered Subcaves 2548 | -10/Subcaves | Lost 5 parts (1p2n2w) 2578 | -10/Subcaves | Shifting Twisted Machinery released Sub. Shrapnel Launcher 2583 | -10/Subcaves | Shifting Twisted Machinery released Battle Rifle 2647 | -10/Subcaves | Discovered new exit (range 5) 2656 | -10/Subcaves | Core integrity fell below 50% 2784 | -10/Subcaves | A swath of the cavern ceiling suddenly collapsed 2818 | -10/Subcaves | Identified exit to Materials 2902 | -10/Subcaves | Ambushed by Subdweller buried in earth 2952 | -10/Subcaves | Shifting Twisted Machinery released Mak. Leg 2968 | -10/Subcaves | Shifting Twisted Machinery released Sub. Beam Cannon 3025 | -10/Subcaves | Learned location of Zion (-6) 3025 | -10/Subcaves | Met a Zionite searching for "candidates" 3430 | -10/Subcaves | Shifting Twisted Machinery released Battle Rifle 3679 | -10/Subcaves | Visited 4L-MR0's lab 3882 | -10/Subcaves | Core integrity fell below 20% 4613 | -10/Subcaves | Build established: Derelict-Mutant 5569 | -10/Subcaves | Discovered new exit (range 15) 5571 | -10/Subcaves | Destroyed by Autobeam Turret with Autobeam Last Messages --------------- Destroyed Scrap Shield. MG-9HU(R) destroyed. 6K-OKV(R) destroyed. Triggered Shrapnel Trap. An expanding cloud of shrapnel blasts out in all directions. Battle Cannon destroyed. Acquired 34 matter. Acquired 52 matter. Acquired 15 matter. 69-E5L(u) tweaks Twisted Machinery. Subatomizers dissect the Mak. Leg. Acquired 20 matter. Subatomizers dissect the Mak. Leg. Acquired Mak. Leg. A6-3U2(R): "WEHOME!" A6-3U2(R) destroyed. Acquired 22 matter. EXIT=FOUND Machine disabled. Map ----- +----------------------------------------------------+ | ?????????????# ###?# ? ?????????????? | | ????????????## #????### ## ???????????????? | | ???????????## ##???????###?????????????????? | | ???????????# ##??#####?????????????????????? | | ###????????# #???# ##???????????????????? | | # ###??????# ##???? #####???????????????? | | #?????## ##??????? ##??????????????? | | ##???## ##?????????# #??????????????? | | ##??# #??????????## #??????????????? | | ##?## #????????#### #??????????????? | | ##?### ###?????## #????????#####?? | | ##?## ####??# #???????## ##? | | ## ### #### ##??????# #? | | ### ## "## ##??##### #? | | ## ### "# ## #### ## ##? | | ## ### ## & ### ## ### | | ### ####?## #?# && # | | ##?## #???## [ ## & ### | | #??## #???# ######## "# | | #### #???## ;####??### & ### | | " ## ####??## ;;;;;## #?# ## ""# | | " ## ## ##### ;; ## ###### ##### | | " ### ] #???# ###"" | | "" ###" #???# ##"# | | "##### ##???## #### | | "#??######## ##@ ##????# #??? | | ##?????????## ### ## #?????# ##??? | | ##???????????## #?# ### ######### #???? | | " #?????????????## #?# ### ## ## #?## #???# | | " ##?????????????## #?# % #?### ##?# ##### | | " #?????????????## ##? #??# ### # #"# | | ######????????# #?? #??# ## "" | | ## #######??# ##?? ###??#### # ## | | #### ### ##?# #???s #???###?## ## | | ### ## #?## #??? ??## ##?### ## | | # ####### #??###??? ??# #???# ## | | ##?????# #???????? ??# #???# ### | | #####??# ##???????t t ??# ##??# #### | | ## ##?# ##?????? ??## #??# # | | #?# ####??? ???## ##?# | | #?# #???;<;;????## ### #### | | ### #?# ######???##### #####?# | | ##?## ### ##### ### | | #???# #### ### ## | | #???## ### ## #### ## | | #???## ## ### ##??# ##? | | ##??# #### ##### #???# "#? | | #??# < #??####??# #???## ##? | | #?## #????????# #????## #?? | | ## ### ## #####????# #??#### #?? | +----------------------------------------------------+ Best States ------------- Heat Dissipation 25 Energy Generation 10 Energy Capacity 250 Matter Stores 300 Matter Capacity 300 Sight Range 16 Terrain Scan Density 10 Armor Coverage 100 Core Shielding 20 Evasion (%) 55 Recoil Reduction 2 Item Schematics ----------------- None Robot Schematics ------------------ None Fabricated ------------ Nothing Alien Tech Used ----------------- None Achievements -------------- None Challenges ------------ None Game ------ Seed DroneSapperSink Manual? 0 Play Time 00:42:48 Cumulative 35.3 hours Start 2024.09.15 @ 22:46:14 End 2024.09.15 @ 23:29:50 Sessions 4 Manual Loads 0 Difficulty Rogue Special Mode None Game No. 22 Rogue 22 Adventurer 0 Explorer 0 Win Type - Total 1 Types 1/0/0/0/0/0/0/0/0 Lore% 13 Gallery% 21 Achievement% 22 Wizard Run 0 Options --------- Layout 1 ASCII 0 Keyboard 0 Movement Mouse Keybinds 0 Fullscreen 1 Font 18/SmallcapsGlow Map View 54x44 Zoom Use 0% Tactical HUD 0 Map Filters NONE Filters NONE Steam 0 RUN: 9ec82124-b2a6-4f07-8a61-c7063deabd41